 Dungeon Crawl Stone Soup version 0.26-a0-661-g406de6ba63 (webtiles) character file.

Game seed: 14518360991984320621

2094 IEatYoBabies the Grappler (level 9, 0/80 HPs)
             Began as a Troll Transmuter on Oct 7, 2020.
             Was a Follower of Uskayaw.
             Slain by a seven-headed hydra (14 damage)
             ... on level 12 of the Dungeon on Oct 8, 2020.
             The game lasted 00:24:52 (6184 turns).

IEatYoBabies the Grappler (Troll Transmuter)        Turns: 6184, Time: 00:24:53

Health: 0/80       AC:  6    Str: 20    XL:     9   Next: 7%
Magic:  10/10      EV: 11    Int: 12    God:    Uskayaw [*.....]
Gold:   391        SH:  0    Dex: 10    Spells: 3/11 levels left

rFire    + . .     SeeInvis .     - Unarmed
rCold    . . .     Faith    .   (no shield)
rNeg     . . .     Spirit   .   a - +0 robe
rPois    .         Reflect  .   (helmet restricted)
rElec    .         Harm     +   w - scarf {harm}
rCorr    .         Rampage  .   (gloves unavailable)
MR       .....                  (boots unavailable)
Stlth    +.........             (no amulet)
HPRegen  0.63/turn              (no ring)
MPRegen  0.12/turn              n - ring of protection from fire

@: about to teleport
A: large, unfitting armour, claws 3, regeneration 1, shaggy fur 1, tough skin 3
a: Stomp, Renounce Religion


You were on level 12 of the Dungeon.
You worshipped Uskayaw.
Uskayaw was noncommittal.
You visited 2 branches of the dungeon, and saw 11 of its levels.
You also visited: Sewer.

You collected 687 gold pieces.
You spent 296 gold pieces at shops.

Inventory:

Hand Weapons
 B - the +1 hunting sling of Burning True Grit {vorpal, +Fly rPois rF-}
   (You found it on level 7 of the Dungeon)

   Any stone fired from it inflicts extra damage.
   It makes you vulnerable to fire.
   It protects you from poison.
   It lets you fly.
Missiles
 j - 60 poisoned darts (quivered)
 x - 5 datura-tipped darts
Armour
 a - a +0 robe (worn)
 w - a scarf of harm (worn)
Jewellery
 d - an uncursed ring of ice
 n - a ring of protection from fire (right claw)
 C - an uncursed ring of resist corrosion {unknown}
Wands
 y - a wand of flame (16)
 E - a wand of paralysis (4)
Scrolls
 c - 6 scrolls of remove curse
 f - 6 scrolls of amnesia
 i - 2 scrolls of enchant armour
 l - 3 scrolls of blinking
 m - a scroll of enchant weapon
 q - 4 scrolls of noise
 t - 2 scrolls of teleportation
 u - 3 scrolls of fear
 v - a scroll of fog
 A - 3 scrolls of identify
 D - a scroll of summoning
 F - a scroll of holy word
 G - a scroll of torment {unknown}
Potions
 b - 4 potions of curing
 e - 2 potions of brilliance
 g - 3 potions of haste
 h - 2 potions of degeneration
 k - 5 potions of heal wounds
 o - 3 potions of mutation
 p - a potion of stabbing
 r - a potion of invisibility
 s - 4 potions of flight
 z - a potion of might


   Skills:
 * Level 2.7 Fighting
 + Level 1.6 Throwing
 * Level 4.3 Dodging
 - Level 1.1 Stealth
 * Level 9.6 Unarmed Combat
 * Level 1.8 Spellcasting
 * Level 2.1 Transmutations
 * Level 1.0 Invocations


You had 3 spell levels left.
You knew the following spells:

 Your Spells              Type           Power        Failure   Level
a - Beastly Appendage     Tmut           #.....       12%         1
b - Wereblood             Tmut           #.......     19%         2
c - Blade Hands           Tmut           #.........   97%         5

Your spell library contained the following spells:

 Spells                   Type           Power        Failure   Level
 Animate Skeleton         Necr           #.....       28%         1
 Apportation              Tloc           #.....       28%         1
 Corona                   Hex            #......      28%         1
 Summon Small Mammal      Summ           #...         28%         1
 Ensorcelled Hibernation  Hex/Ice        #.....       38%         2
 Spider Form              Tmut/Pois      #.........   47%         3
 Confusing Touch          Hex            #.......     63%         3
 Dazzling Flash           Conj/Hex       #.....       63%         3
 Tukima's Dance           Hex            #.......     63%         3
 Ice Form                 Ice/Tmut       #.......     87%         4


Dungeon Overview and Level Annotations

Branches:
Dungeon (9/15)             Temple (1/1) D:7           Sewer (visited)
   Lair: D:8-11         Orc: D:9-12

Altars:
Ashenzari
Cheibriados
Dithmenos
Elyvilon
Fedhas
Gozag
Hepliaklqana
Kikubaaqudgha
Nemelex Xobeh
Okawaru
Qazlal
Ru
Sif Muna
Trog
Uskayaw
Wu Jian
Xom
Zin
The Shining One
Lugonu

Shops:
D:7 *?:?   D:8 ?


Innate Abilities, Weirdness & Mutations

You are too large for most types of armour.
You have claws for hands.
Your natural rate of healing is unusually fast.
You are covered in fur. (AC +1)
You have extremely tough skin. (AC +3)


Message History

The seven-headed hydra resists with almost no effort.
Evoke which item? (* to show all) (? for menu, Esc to quit)
Aiming: Paralyse
Press: ? - help, Shift-Dir - straight line, f/p - seven-headed hydra
Aim: a seven-headed hydra (chance to defeat MR: 15%)
The seven-headed hydra resists with almost no effort.
The seven-headed hydra bites you! x2; The seven-headed hydra bites you.
The seven-headed hydra bites you!
The seven-headed hydra completely misses you.
The seven-headed hydra bites you. x2
As you read the scroll of teleportation, it crumbles to dust.
You feel strangely unstable.
The seven-headed hydra bites you but does no damage.
The seven-headed hydra bites you.
The seven-headed hydra bites you but does no damage.
The seven-headed hydra closely misses you.
The seven-headed hydra bites you!
* * * LOW HITPOINT WARNING * * *
The seven-headed hydra bites you!
You die...

,,* *,,* *,* *,* *,* ,,* *,,* *,*
#.# #.# ,,* *,,* *,* #.# #.# ,,*
*,,* *,* #.# #.# ,,* *,,* *,* #.#
#.# ,,* *,,* *,* #.# #.# ,,* *,,*
#,* #.# #.#
,,*****,,#####.#########.#####.##
,,,,,,,,,......D@.....W..........
*********########################


You could see a seven-headed hydra and a phantom.

Vanquished Creatures
  A water moccasin (D:6)
  2 orc warriors
  2 ice beasts
  3 ogres
  2 phantoms (D:4)
  A centaur (D:7)
  2 bullfrogs
  A big kobold (D:9)
  A gnoll sergeant (D:7)
  A scorpion (D:4)
  A howler monkey (D:5)
  2 bullfrog zombies
  A hound (D:5)
  4 orc priests
  2 orc wizards
  2 iguanas
  2 worker ants
  A hound zombie (D:6)
  A hound skeleton (D:7)
  5 gnolls
  11 adders
  A shadow imp (D:8)
  4 ufetubi
  5 oozes
  An adder skeleton (D:4)
  An adder zombie (D:5)
  6 worms
  6 dart slugs
  5 leopard geckos
  18 orcs
  3 ball pythons
  8 giant cockroaches
  3 goblins
  3 hobgoblins
  15 jackals
  4 quokkas
  13 bats
  3 frilled lizards
  5 kobolds
  A leopard gecko skeleton (D:4)
  A quokka zombie (D:6)
  5 rats
159 creatures vanquished.

Notes
Turn   | Place    | Note
-------+----------+-------------------------------------------
     0 | D:1      | IEatYoBabies the Troll Transmuter began the quest for the
                  | Orb.
     0 | D:1      | Reached XP level 1. HP: 18/18 MP: 1/1
   336 | D:1      | Reached XP level 2. HP: 23/26 MP: 3/3
   597 | D:2      | Reached XP level 3. HP: 32/32 MP: 4/4
   684 | D:2      | Reached skill level 4 in Unarmed Combat
   762 | D:2      | Found a hazy altar of Hepliaklqana.
   763 | D:2      | Found a shimmering altar of Xom.
   764 | D:2      | Noticed a spectral ugly thing
   791 | D:2      | Reached skill level 1 in Fighting
   795 | D:2      | Reached XP level 4. HP: 39/41 MP: 5/5
   956 | D:2      | Found a faded altar of an unknown god.
   956 | D:2      | Found a bloodstained altar of Trog.
   961 | D:2      | Found a faded altar of an unknown god.
   963 | D:2      | Found a glowing golden altar of the Shining One.
   965 | D:2      | Found an ornate altar of the Wu Jian Council.
  1415 | D:3      | Found an ancient bone altar of Kikubaaqudgha.
  1709 | D:4      | Reached XP level 5. HP: 45/48 MP: 6/6
  1757 | D:4      | Found a sparkling altar of Nemelex Xobeh.
  1874 | D:4      | Noticed a phantom
  1997 | D:4      | Noticed a phantom
  2017 | D:4      | Reached skill level 5 in Unarmed Combat
  2059 | D:4      | Found a sacrificial altar of Ru.
  2114 | D:4      | Killed a phantom
  2114 | D:4      | Reached XP level 6. HP: 27/55 MP: 7/7
  2204 | D:4      | Reached skill level 6 in Unarmed Combat
  2231 | D:4      | Found a glowing drain.
  2241 | Sewer    | Entered a sewer
  3275 | D:5      | Entered Level 5 of the Dungeon
  3303 | D:5      | Reached XP level 7. HP: 52/63 MP: 8/8
  3327 | D:5      | Learned a level 2 spell: Wereblood
  3333 | D:5      | Learned a level 5 spell: Blade Hands
  3405 | D:5      | Reached skill level 7 in Unarmed Combat
  3562 | D:5      | Found the +8 longbow "Zephyr" {speed, Dex+3 SInv}
  3584 | D:5      | Upgraded the game from 0.26-a0-660-gc07710193c to
                  | 0.26-a0-661-g406de6ba63
  3861 | D:6      | Reached skill level 8 in Unarmed Combat
  3861 | D:6      | Reached XP level 8. HP: 72/72 MP: 9/9
  4086 | D:6      | Found an opulent altar of Gozag.
  4186 | D:6      | Found a blossoming altar of Fedhas.
  4201 | D:6      | Reached skill level 1 in Stealth
  4494 | D:7      | Reached skill level 9 in Unarmed Combat
  4674 | D:7      | Reached skill level 1 in Throwing
  4712 | D:7      | Found Gisioc's Magic Scroll Shop.
  4751 | D:7      | Found Carruz's Book Boutique.
  4753 | D:7      | Got a fine hunting sling
  4800 | D:7      | Found a staircase to the Ecumenical Temple.
  4811 | Temple   | Entered the Ecumenical Temple
  4843 | Temple   | Became a worshipper of Uskayaw the Reveler
  4958 | D:7      | Reached * piety under Uskayaw
  4966 | D:7      | Reached ** piety under Uskayaw
  5072 | D:7      | Found Erosh's Magic Scroll Boutique.
  5074 | D:7      | Found Tobowyc's General Store.
  5084 | D:7      | Bought a scroll of identify for 32 gold pieces
  5084 | D:7      | Bought a scroll of identify for 32 gold pieces
  5084 | D:7      | Bought a scroll of identify for 32 gold pieces
  5084 | D:7      | Identified the +1 hunting sling of Burning True Grit
                  | {vorpal, +Fly rPois rF-} (You found it on level 7 of the
                  | Dungeon)
  5125 | D:7      | Bought a scroll of identify for 30 gold pieces
  5209 | D:7      | Found a snail-covered altar of Cheibriados.
  5258 | D:7      | Bought a scroll of identify for 30 gold pieces
  5515 | D:8      | Found an iron altar of Okawaru.
  5672 | D:8      | Found a shimmering blue altar of Sif Muna.
  5714 | D:8      | Found Quem's Magic Scroll Boutique.
  5723 | D:8      | Bought a scroll of identify for 28 gold pieces
  5723 | D:8      | Bought a scroll of identify for 28 gold pieces
  5723 | D:8      | Bought a scroll of identify for 28 gold pieces
  5723 | D:8      | Bought a scroll of identify for 28 gold pieces
  5723 | D:8      | Bought a scroll of identify for 28 gold pieces
  5755 | D:8      | Reached *** piety under Uskayaw
  5758 | D:8      | Reached **** piety under Uskayaw
  5947 | D:9      | Reached XP level 9. HP: 55/80 MP: 10/10
  6048 | D:9      | Found a broken altar of Ashenzari.
  6067 | D:9      | Reached skill level 1 in Invocations
  6116 | D:9      | You fall into a shaft and drop 3 floors!
  6179 | D:12     | Noticed a seven-headed hydra
  6184 | D:12     | Slain by a seven-headed hydra

Illustrated notes

Levels and vault maps discovered:
D:1:      tarquinn_simple_flora_water_f, layout_basic, minmay_misc_feat_room
D:2:      layout_rooms, regret_index_temple_of_mockery,
          chequers_temple_overflow_minitemple
D:3:      layout_rooms, kiku_gazebo_pond_becter
D:4:      layout_loops_corners, kennysheep_little_box, old_standard_altar,
          portal_sewer_entry_f
D:5:      layout_rooms, patterned_corridor
D:6:      layout_rooms, marbit_many_paths, grunt_gozag_statues
D:7:      layout_cave_pools, nicolae_overflow_crystal_walls,
          minmay_temple_entry_junction, serial_shops, shop_statue, shop,
          nicolae_shop_stone, shop
D:8:      layout_basic, lemuel_doored_altar, lemuel_round_altar, serial_shops,
          shop
D:9:      layout_roguey [special_room_orc], nicolae_ashenzari_panopticon
D:12:     layout_long_grid, special_room [special_room_bee], serial_shops, shop,
          gauntlet_entry_generic
Temple:   kb_corrupted_temple

Skill      XL: |  1  2  3  4  5  6  7  8  9 |
---------------+----------------------------+-----
Unarmed Combat | 4 5 6 8 9 |  9.6
Fighting       | 1 2 |  2.7
Dodging        | 2 3 4 |  4.3
Stealth        | 1 |  1.1
Throwing       | 1 |  1.6
Transmutations | 2 |  2.1
Invocations    | 1 |  1.0
Spellcasting   | |  1.8

Action                   |  1- 3 |  4- 6 |  7- 9 || total
-------------------------+-------+-------+-------++-------
Melee: Unarmed           |    95 |   204 |   202 ||   501
       Punch             |       |     2 |     9 ||    11
       Kick              |       |     1 |    12 ||    13
       Headbutt          |       |       |     3 ||     3
Throw: Dart              |       |     2 |    33 ||    35
 Cast: Beastly Appendage |       |     1 |     7 ||     8
Evoke: Wand              |       |       |     2 ||     2
  Use: Scroll            |       |    10 |    13 ||    23
       Potion            |       |     5 |       ||     5
 Stab: Paralysed         |       |       |     1 ||     1
Armor: Robe              |    42 |    89 |    42 ||   173
Dodge: Dodged            |    57 |   109 |    91 ||   257

Table legend: (Time is in decaauts)
 A = Elapsed time spent in this place.
 B = Non-inter-level travel time spent in this place.
 C = Inter-level travel time spent in this place.
 D = Time resting spent in this place.
 E = Time spent auto-exploring this place.
 F = Levels seen in this place.
 G = Mean time per level.
                   A        B        C        D        E       F      G
               +--------+--------+--------+--------+--------+-----+--------+
         Total |   6267 |   6022 |    245 |     93 |   4475 |  12 |  522.2 |
       Dungeon |   5483 |   5256 |    227 |     59 |   3959 |  10 |  548.3 |
        Temple |     50 |     32 |     18 |      0 |     30 |   1 |   50.0 |
         Sewer |    732 |    732 |      0 |     34 |    486 |   1 |  732.0 |
               +--------+--------+--------+--------+--------+-----+--------+

Top non-repeatable levels by time:
     D:4: 976 daAuts
     D:7: 791 daAuts
   Sewer: 732 daAuts
     D:6: 694 daAuts
     D:2: 619 daAuts
     D:5: 559 daAuts
     D:1: 535 daAuts
     D:3: 529 daAuts
     D:8: 420 daAuts
     D:9: 289 daAuts
    D:12: 67 daAuts
  Temple: 50 daAuts
